AoeStats
← Galuyoo

Arabia

504517892Analyzed
1v1 RM · 27d ago on Sep 5, 2026· 47m 31s· 2 players
Game mode
Random Map
Map size
Tiny (2 player)
Population
200
Speed
Normal
Resources
Standard
Victory
Conquest
Starting age
Dark Age
Ending age
Imperial Age
RankedLock teamsTeams togetherTeam positionsShared explorationLock speedFull tech treeHidden civsTurbo modeCheats
Victory
Defeat
🇺🇸 Franks · United States
953
+18
🇬🇧 Goths · United Kingdom
1000
-55
Enrico_Pallazzo
5:56 Loom
8:58 Feudal Age
13:07 Double-Bit Axe
20:20 Castle Age
18:16 Gold Mining
19:52 Wheelbarrow
19:03 Town Watch
19:49 Scale Barding Armor
19:55 Forging
21:08 Husbandry
24:17 Chain Barding Armor
24:33 Iron Casting
30:19 Hand Cart
34:46 Gold Shaft Mining
35:15 Elite Skirmisher
39:45 Imperial Age
40:12 Cavalier
42:24 Plate Barding Armor
44:30 Blast Furnace
45:14 Paladin
47:04 Elite Skirmisher
Galuyoo
2:01 Loom
16:55 Feudal Age
20:45 Bloodlines
23:11 Man-at-Arms
28:46 Wheelbarrow
31:00 Castle Age
31:43 Husbandry
32:40 Long Swordsman
37:17 Gold Mining
45:50 Crossbowman
Connection lost

Rejoining the realm…

Still unreachable

The connection could not be restored.

Session expired

The server has moved on; the page needs a fresh start.